AoeStats
← tom

Four Lakes

508191729Analyzed
1v1 RM · 11d ago on Sep 21, 2026· 52m 32s· 2 players
Game mode
Random Map
Map size
Tiny (2 player)
Population
200
Speed
Normal
Resources
Standard
Victory
Conquest
Starting age
Dark Age
Ending age
Imperial Age
RankedLock teamsTeams togetherTeam positionsShared explorationLock speedFull tech treeHidden civsTurbo modeCheats
Victory
Defeat
🇨🇱 Poles · Chile
740
+16
🇱🇻 Japanese · Latvia
738
-16
tom
6:15 Loom
10:09 Feudal Age
10:12 Man-at-Arms
10:46 Double-Bit Axe
11:22 Arson
16:30 Scale Mail Armor
22:23 Fishing Lines
24:19 Wheelbarrow
26:45 Castle Age
28:58 Squires
28:44 Pikeman
29:54 Forging
30:16 Chain Mail Armor
30:56 Gold Mining
32:32 Gillnets
33:53 Scale Barding Armor
33:50 Stone Mining
41:10 Fletching
41:48 Bodkin Arrow
45:45 Chain Barding Armor
51:00 Iron Casting
MONITOENLATA
10:45 Feudal Age
11:09 Loom
19:00 Man-at-Arms
23:37 Castle Age
23:10 Double-Bit Axe
25:11 Husbandry
26:34 Scale Barding Armor
28:51 Bloodlines
29:04 Chain Barding Armor
28:57 Horse Collar
29:56 Gold Mining
29:58 Stone Mining
32:20 Pikeman
33:01 Squires
34:54 Wheelbarrow
37:18 Szlachta Privileges
38:07 Heavy Plow
38:20 Bow Saw
41:28 Murder Holes
41:54 Ballistics
44:47 Imperial Age
43:06 Forging
42:56 Scale Mail Armor
43:35 Stone Shaft Mining
45:31 Hand Cart
45:12 Cavalier
51:57 Lechitic Legacy
51:04 Light Cavalry
Connection lost

Rejoining the realm…

Still unreachable

The connection could not be restored.

Session expired

The server has moved on; the page needs a fresh start.